 Dungeon Crawl Stone Soup version 0.31-a0-538-gbc85326fa9 (webtiles) character file.

Game seed: 12441094597206468034

2458 HallandMoats the Fighter (level 9, -11/82 HPs)
             Began as a Minotaur Fighter on Aug 14, 2023.
             Was a Believer of Okawaru.
             Mangled by a tengu warrior
             ... wielding a +0 war axe
              (17 damage)
             ... on level 8 of the Dungeon.
             The game lasted 00:10:31 (7660 turns).

HallandMoats the Fighter (Minotaur Fighter)         Turns: 7660, Time: 00:10:32

Health: -11/82     AC: 10    Str: 20 (21) XL:     9   Next: 26%
Magic:  9/10       EV: 13    Int:  8 (9)  God:    Okawaru [**....]
Gold:   392        SH:  6    Dex:  8 (10) Spells: 8/8 levels left

rFire   + + .        b - +2 dagger (venom)
rCold   + . .        c - +0 buckler
rNeg    . . .        E - +2 ring mail {rF+}
rPois   +            (helmet restricted)
rElec   +            (no cloak)
rCorr   +            B - +0 pair of gloves
SInv    .            (no boots)
Will    .....        (no amulet)
Stlth   ++           f - ring of poison resistance
HPRegen 0.33/turn    A - ring of flight
MPRegen 0.12/turn

%: no passive effects
@: resistant, heroic, flying
A: horns 2, retaliatory headbutt
a: Renounce Religion, Heroism


You were on level 8 of the Dungeon.
You worshipped Okawaru.
Okawaru was pleased with you.
You visited 2 branches of the dungeon, and saw 9 of its levels.

You collected 392 gold pieces.

Inventory:

Hand Weapons
 a - a +0 war axe
 b - a +2 dagger of venom (weapon)
Armour
 c - a +0 buckler (worn)
 B - a +0 pair of gloves (worn)
 E - a +2 ring mail of fire resistance (worn)
Jewellery
 f - a ring of poison resistance (left hand)
 q - a ring of willpower
 A - a ring of flight (right hand)
 D - a +5 ring of evasion
 H - a ring of wizardry
 I - a ring of wizardry
Talismans
 K - a talisman of death
Wands
 p - a wand of flame (14)
 x - a wand of charming (12)
Scrolls
 g - 2 scrolls of blinking {unknown}
 k - a scroll of poison
 l - a scroll of teleportation {unknown}
 m - 5 scrolls of enchant armour
 n - 5 scrolls of identify
 o - 2 scrolls of immolation {unknown}
 t - 2 scrolls of noise {unknown}
 v - 2 scrolls of fear {unknown}
 w - 2 scrolls of revelation {unknown}
 y - 2 scrolls of fog {unknown}
 z - a scroll of vulnerability {unknown}
 G - 2 scrolls of amnesia {unknown}
 J - a scroll of summoning {unknown}
Potions
 d - 2 potions of might
 h - a potion of attraction
 i - a potion of heal wounds {unknown}
 j - 2 potions of brilliance
 r - a potion of ambrosia {unknown}
 s - 3 potions of haste
 u - a potion of degeneration
 C - a potion of cancellation
 F - a potion of lignification {unknown}
 L - a potion of invisibility {unknown}
 M - a potion of enlightenment {unknown}


   Skills:
 + Level 8.7(13.7) Fighting
 - Level 6.9(11.9) Axes
 - Level 5.8(10.8) Armour
 - Level 3.8(8.8) Dodging
 - Level 5.7(10.7) Shields
 - Level 3.3 Invocations
 * Level 3.4 Shapeshifting


You had 8 spell levels left.
You didn't know any spells.
Your spell library contained the following spells:

 Spells                   Type           Power      Damage    Failure   Level
 Apportation              Tloc           0%         N/A       58%         1
 Foxfire                  Conj/Fire      0%         2x1d4     58%         1
 Necrotise                Necr           0%         1d4       58%         1
 Blink                    Tloc           0%         N/A       75%         2
 Cigotuvi's Dreadful Rot  Necr/Pois/Air  0%         N/A       75%         2
 Ensorcelled Hibernation  Hex/Ice        0%         N/A       75%         2
 Lesser Beckoning         Tloc           0%         N/A       75%         2
 Momentum Strike          Conj/Tloc      0%         3d8       75%         2
 Passwall                 Tmut/Erth      0%         N/A       75%         2
 Sublimation of Blood     Necr           0%         N/A       75%         2
 Wereblood                Tmut           0%         N/A       75%         2
 Hailstorm                Conj/Ice       0%         3d3       92%         3
 Ignite Poison            Fire/Tmut/Pois 0%         N/A       92%         3
 Swiftness                Air            0%         N/A       92%         3
 Freezing Cloud           Conj/Ice/Air   0%         6-21      100%        5
 Plasma Beam              Fire/Air       0%         2x1d10    100%        6
 Starburst                Conj/Fire      0%         6d3       100%        6
 Summon Small Mammal      Summ           Unusable   N/A       N/A         1
 Summon Ice Beast         Ice/Summ       Unusable   N/A       N/A         4
 Simulacrum               Ice/Necr       Unusable   N/A       N/A         6
 Summon Hydra             Summ           Unusable   N/A       N/A         7

Dungeon Overview and Level Annotations

Branches:
Dungeon (8/15)             Temple (1/1) D:6
   Lair: D:8-11

Altars:
Ashenzari
Cheibriados
Dithmenos
Elyvilon
Fedhas
Gozag
Hepliaklqana
Kikubaaqudgha
Makhleb
Nemelex Xobeh
Okawaru
Qazlal
Ru
Sif Muna
Trog
Uskayaw
Vehumet
Wu Jian
Xom
Yredelemnul
Zin
The Shining One

Shops:
D:4 :


Innate Abilities, Weirdness & Mutations

You have a pair of horns on your head.
You reflexively headbutt those who attack you in melee.


Message History

You block the tengu warrior's attack. The tengu warrior barely misses you.
As you read the scroll labelled KUKIYK GUAMAGE, it crumbles to dust.
It is a scroll of identify.
m - 5 scrolls of enchant armour The tengu warrior hits you with a +0 war axe!
* * * LOW HITPOINT WARNING * * *
You block the tengu warrior's attack.
The tengu warrior claws you but does no damage.
The air fills with toxic fumes!
As you read the scroll labelled KANYSE RAAM, it crumbles to dust.
It was a scroll of poison.
You block the tengu warrior's attack. x2
The tengu warrior claws you but does no damage.
It was a potion of haste.
You feel yourself speed up. The tengu warrior closely misses you.
The tengu warrior pecks you but does no damage.
The tengu warrior claws you.
* * * LOW HITPOINT WARNING * * *
It was a potion of brilliance.
You feel clever all of a sudden.
It was a potion of attraction.
You feel attractive to monsters. The tengu warrior closely misses you.
The tengu warrior pecks you but does no damage.
The tengu warrior barely misses you.
It was a potion of degeneration.
There was something very wrong with that liquid.
You feel weakened.
You feel dopey.
You feel clumsy. You block the tengu warrior's attack.
The tengu warrior completely misses you.
The tengu warrior claws you.
* * * LOW HITPOINT WARNING * * *
It was a potion of cancellation.
Your magical effects are unravelling.
You feel magically purged.
You feel yourself slow down.
You feel a little less clever now.
You feel less attractive to monsters.
It was a potion of resistance.
You feel protected.
The tengu warrior hits you with a +0 war axe!
You die...

##### ##§§§##
#..#§§##
#.###§§## #.#
##☼☼## #.#
##§@### . #.##
##§Q§###.8.R
##.##
##§§§§§....
##.##
#####§##'.
#..### #
####....##
#........##
#....>.###..##
..# ###...##
##..## #..#


You could see a tengu warrior.

Vanquished Creatures
  An ice beast (D:7)
  2 black bears
  2 centaurs
  A phantom (D:5)
  2 bullfrogs (D:7)
  2 scorpions
  11 wights
  8 killer bees (D:8)
  3 howler monkeys
  3 hounds
  2 jellies
  2 gnoll boudas
  A sleepcap (D:4)
  Jessica (D:2)
  5 iguanas
  2 orc wizards (D:4)
  7 gnolls
  7 adders
  A white imp (D:5)
  2 worms (D:3)
  A dart slug (D:5)
  19 orcs
  7 ball pythons
  8 endoplasms
  3 giant cockroaches (D:1)
  9 goblins
  3 hobgoblins
  3 jackals (D:4)
  8 kobolds
  2 quokkas
  4 bats
  3 frilled lizards
  6 rats
141 creatures vanquished.

Notes
Turn   | Place    | Note
-------+----------+-------------------------------------------
     0 | D:1      | HallandMoats the Minotaur Fighter began the quest for the
                  | Orb.
     0 | D:1      | Reached XP level 1. HP: 19/19 MP: 0/0
   131 | D:1      | Reached XP level 2. HP: 25/27 MP: 1/1
   248 | D:1      | Reached skill level 4 in Fighting
   735 | D:2      | Reached XP level 3. HP: 33/33 MP: 2/2
   953 | D:2      | Noticed Jessica
  1173 | D:2      | Killed Jessica
  1174 | D:2      | Reached skill level 1 in Dodging
  1174 | D:2      | Reached skill level 1 in Invocations
  1174 | D:2      | Reached XP level 4. HP: 28/41 MP: 3/3
  1869 | D:3      | Found a faded altar of an unknown god.
  2418 | D:4      | Noticed a black bear
  2424 | D:4      | Killed a black bear
  2425 | D:4      | Reached skill level 5 in Fighting
  2425 | D:4      | Reached XP level 5. HP: 40/48 MP: 3/5
  2502 | D:4      | Reached XP level 6. HP: 43/56 MP: 6/6
  2701 | D:4      | Found an iron altar of Okawaru.
  2921 | D:4      | Became a worshipper of Warmaster Okawaru
  2943 | D:4      | Found Jyhoceqea's Book Shoppe.
  2995 | D:5      | Entered Level 5 of the Dungeon
  3094 | D:5      | Reached skill level 5 in Axes
  3189 | D:5      | Reached XP level 7. HP: 55/62 MP: 7/7
  3657 | D:5      | Reached skill level 6 in Fighting
  3666 | D:5      | Reached * piety under Okawaru
  3667 | D:5      | Reached skill level 5 in Armour
  4091 | D:5      | Found a glowing golden altar of the Shining One.
  4491 | D:6      | Found a staircase to the Ecumenical Temple.
  4511 | Temple   | Entered the Ecumenical Temple
  4517 | Temple   | Reached skill level 5 in Shields
  5017 | D:6      | Reached XP level 8. HP: 49/70 MP: 9/9
  5266 | D:6      | Found a glowing silver altar of Zin.
  5530 | D:6      | Reached skill level 7 in Fighting
  6055 | D:7      | Reached ** piety under Okawaru
  6407 | D:7      | Reached skill level 1 in Shapeshifting
  6567 | D:7      | Reached skill level 8 in Fighting
  6758 | D:7      | Reached XP level 9. HP: 59/78 MP: 10/10
  7528 | D:8      | Found a basalt altar of Yredelemnul.
  7530 | D:8      | Found a shimmering blue altar of Sif Muna.
  7530 | D:8      | Found an opulent altar of Gozag.
  7640 | D:8      | Noticed a tengu warrior
  7640 | D:8      | Noticed an efreet
  7660 | D:8      | Mangled by a tengu warrior

Illustrated notes

Levels and vault maps discovered:
D:1:      zelgadis_glass_arrival_small, layout_loops_ring
D:2:      layout_rooms, serial_park_tiny_pond, grunt_ministairs_2, uniq_jessica
D:3:      wad_pebble_path, layout_loops_cross,
          hellmonk_ecumenical_altar_pennies_from_heaven, roderic_roman_lattice
D:4:      layout_loops_ring, okawaru_trees_1, serial_shops, shop,
          minmay_joined_circles
D:5:      layout_cave_pods, mainiacjoe_overflow_surrounded_room
D:6:      layout_basic, mainiacjoe_overflow_tiny_flanked,
          minmay_temple_entry_gardened_gates
D:7:      layout_basic
D:8:      layout_layer_cave, chequers_temple_overflow_statue_of_worship,
          serial_shops, shop, hellmonk_guarded_unrand_lears
Temple:   nicolae_temple_superstar

Skill      XL: |  1  2  3  4  5  6  7  8  9 |
---------------+----------------------------+-----
Fighting       | 4 5 6 8 |  8.7
Axes           | 3 4 5 6 |  6.9
Armour         | 4 5 |  5.8
Dodging        | 1 2 3 |  3.8
Invocations    | 1 2 3 |  3.3
Shields        | 4 5 |  5.7
Shapeshifting  | 2 3 |  3.4

Action                     |  1- 3 |  4- 6 |  7- 9 || total
---------------------------+-------+-------+-------++-------
  Melee: War axe           |    71 |    10 |       ||    81
         Headbutt          |     5 |    25 |    55 ||    85
         Dagger            |       |   136 |   279 ||   415
 Invoke: Heroism           |       |       |     2 ||     2
    Use: Potion            |       |       |     6 ||     6
         Scroll            |       |       |     2 ||     2
 Armour: Scale mail        |    32 |    52 |    11 ||    95
         Ring mail         |       |       |    81 ||    81
  Dodge: Dodged            |    34 |    74 |   158 ||   266
  Block: Buckler           |    25 |    21 |    57 ||   103

Table legend: (Time is in decaauts)
 A = Elapsed time spent in this place.
 B = Non-inter-level travel time spent in this place.
 C = Inter-level travel time spent in this place.
 D = Time resting spent in this place.
 E = Time spent auto-exploring this place.
 F = Levels seen in this place.
 G = Mean time per level.
                   A        B        C        D        E       F      G
               +--------+--------+--------+--------+--------+-----+--------+
         Total |   7700 |   7489 |    211 |   1389 |   4832 |   9 |  855.6 |
       Dungeon |   7252 |   7041 |    211 |   1022 |   4832 |   8 |  906.5 |
        Temple |    448 |    448 |      0 |    367 |      0 |   1 |  448.0 |
               +--------+--------+--------+--------+--------+-----+--------+

Top non-repeatable levels by time:
     D:7: 1411 daAuts
     D:5: 1332 daAuts
     D:6: 988 daAuts
     D:1: 941 daAuts
     D:4: 768 daAuts
     D:3: 733 daAuts
     D:2: 585 daAuts
     D:8: 491 daAuts
  Temple: 448 daAuts
